 Dungeon Crawl Stone Soup version 0.30-a0-728-gc68057be0a (webtiles) character file.

Game seed: 17734440524793190350

3878 browni3141 the Geomancer (level 10, -9/71 HPs)
             Began as a Human Earth Elementalist on Jan 31, 2023.
             Was a Follower of Kikubaaqudgha.
             Mangled by an orc warrior
             ... wielding a +0 glaive
              (23 damage)
             ... on level 9 of the Dungeon.
             The game lasted 00:15:03 (9066 turns).

browni3141 the Geomancer (Human Earth Elementalist) Turns: 9066, Time: 00:15:03

Health: -9/71      AC:  9    Str: 12    XL:     10   Next: 42%
Magic:  5/15       EV: 15    Int: 22    God:    Kikubaaqudgha [*.....]
Gold:   289        SH:  0    Dex: 20    Spells: 6/16 levels left

rFire   + + .      SeeInvis .    y - +8 whip "Bioga" {freeze, *Corrode Fly rF++}
rCold   . . .      Faith    .    (no shield)
rNeg    + + .      Spirit   .    x - +3 leather armour of Free Will {Fly rN+ Str+3}
rPois   .          Reflect  .    k - +0 helmet {Int+3}
rElec   .          Harm     .    h - +0 cloak
rCorr   .          Rampage  .    c - +0 pair of gloves
Will    .....                    (no boots)
Stlth   +++                      (no amulet)
HPRegen 0.31/turn                z - ring of positive energy
MPRegen 0.14/turn                D - +6 ring of dexterity

@: flying
A: no striking features
a: Renounce Religion, Unearth Wretches


You were on level 9 of the Dungeon.
You worshipped Kikubaaqudgha.
Kikubaaqudgha was aware of your devotion.
You visited 2 branches of the dungeon, and saw 10 of its levels.

You collected 750 gold pieces.
You spent 461 gold pieces at shops.

Inventory:

Hand Weapons
 d - a +0 spear
 y - the +8 whip "Bioga" (weapon) {freeze, *Corrode Fly rF++}
   (You bought it in a shop on level 5 of the Dungeon)

   rF:        It greatly protects you from fire.
   Fly:       It grants you flight.
   *Corrode:  It may corrode you when you take damage.
 Q - a +2 vampiric rapier
Armour
 a - a +0 robe
 c - a +0 pair of gloves (worn)
 h - a +0 cloak (worn)
 k - a +0 helmet of intelligence (worn)
 x - the +3 leather armour of Free Will (worn) {Fly rN+ Str+3}
   (You bought it in a shop on level 5 of the Dungeon)

   Str:       It affects your strength (+3).
   rN:        It protects you from negative energy.
   Fly:       It grants you flight.
Magical Staves
 K - a staff of cold
Jewellery
 z - a ring of positive energy (left hand)
 B - an amulet of guardian spirit
 D - a +6 ring of dexterity (right hand)
 L - a ring of see invisible
Wands
 q - a wand of mindburst (12)
 F - a wand of roots (14)
 O - a wand of quicksilver (2)
Scrolls
 f - a scroll of magic mapping
 i - 4 scrolls of noise {unknown}
 l - 5 scrolls of teleportation
 n - 2 scrolls of brand weapon {unknown}
 o - a scroll of silence {unknown}
 r - 3 scrolls of fear {unknown}
 s - 2 scrolls of amnesia {unknown}
 C - a scroll of blinking {unknown}
 G - a scroll of identify
 H - 2 scrolls of acquirement {unknown}
 M - a scroll of poison {unknown}
 N - 2 scrolls of fog {unknown}
 P - a scroll of vulnerability {unknown}
Potions
 b - a potion of magic
 e - 5 potions of flight
 g - a potion of berserk rage
 j - a potion of resistance
 m - 2 potions of mutation
 p - a potion of cancellation
 t - 2 potions of heal wounds
 u - a potion of attraction {unknown}
 v - a potion of degeneration {unknown}
 w - 2 potions of curing
 A - 2 potions of haste {unknown}
 E - a potion of brilliance {unknown}
 I - a potion of ambrosia {unknown}
 J - a potion of might {unknown}


   Skills:
 - Level 4.0 Fighting
 * Level 2.5 Maces & Flails
 * Level 5.7 Dodging
 - Level 6.0 Stealth
 + Level 3.9 Spellcasting
 - Level 2.0 Conjurations
 * Level 5.6 Transmutations
 + Level 8.8 Earth Magic
 - Level 2.0 Evocations


You had 6 spell levels left.
You knew the following spells:

 Your Spells              Type           Power      Damage    Failure   Level
a - Sandblast             Erth           86%        2d18      1%          1
b - Passwall              Tmut/Erth      30%        N/A       1%          2
c - Stone Arrow           Conj/Erth      56%        3d10      4%          3
d - Petrify               Tmut/Erth      36%        N/A       8%          4

Your spell library contained the following spells:

 Spells                   Type           Power      Damage    Failure   Level
 Wereblood                Tmut           28%        N/A       2%          2
 Kiss of Death            Conj/Necr      32%        2d7       10%         1
 Necrotise                Necr           16%        1d4       14%         1
 Cigotuvi's Dreadful Rot  Necr/Pois/Air  8%         N/A       22%         2
 Sublimation of Blood     Necr           4%         N/A       22%         2
 Hailstorm                Conj/Ice       8%         3d4       28%         3
 Vampiric Draining        Necr           4%         2d6       41%         3
 Ice Form                 Ice/Tmut       16%        N/A       41%         4
 Summon Forest            Summ/Tloc      2%         N/A       99%         5
 Eringya's Noxious Bog    Tmut/Pois      8%         N/A       100%        6
 Simulacrum               Ice/Necr       2%         N/A       100%        6
 Summon Hydra             Summ           2%         N/A       100%        7


Dungeon Overview and Level Annotations

Branches:
Dungeon (9/15)             Temple (1/1) D:6            Lair (0/5) D:9
    Orc: D:9-12

Altars:
Ashenzari
Cheibriados
Dithmenos
Elyvilon
Fedhas
Hepliaklqana
Kikubaaqudgha
Makhleb
Nemelex Xobeh
Okawaru
Qazlal
Sif Muna
Trog
Uskayaw
Vehumet
Xom
Yredelemnul
Zin
The Shining One

Shops:
D:5 *   D:6 (

Annotations:
D:2 1 runed translucent door, Crazy Yiuf
D:4 Grinder
D:8 exclusion: 2 downstairs
D:9 1 exclusion


Message History

You hit the orc. You freeze the orc.
You kill the orc!
Kikubaaqudgha accepts your kill.
Items here: )) [[ †.
You whack the orc! You freeze the orc.
You kill the orc!
Kikubaaqudgha accepts your kill. The orc closely misses you.
Things that are here:
a +0 club; a +0 leather armour; an orc corpse You whack the orc!
You freeze the orc.
You kill the orc!
Kikubaaqudgha accepts your kill.
The orc warrior is no longer petrified.
Items here: )) [[ †.
Casting: Sandblast (safe; 1% risk of failure)
Confirm with . or Enter, or press ? or * to list all spells.
Aiming: Petrify (dangerous; 8% risk of failure)
Press: ? - help, Shift-Dir - straight line, f - orc warrior
Aim: an orc warrior, wielding a +0 glaive and wearing a +0 plate armour (moderately wounded, chance to affect: 64%)
The orc warrior struggles to resist.
You see here a +2 vampiric rapier.
Q - a +2 vampiric rapier The orc warrior drinks a potion.
The orc warrior goes berserk!
You hear a shout!
Aiming: Quicksilver Bolt
Press: ? - help, Shift-Dir - straight line, f/p - orc warrior
Aim: an orc warrior, wielding a +0 glaive and wearing a +0 plate armour (moderately wounded, berserk, 71% to hit)
The bolt of dispelling energy misses the orc warrior.
The orc warrior hits you from afar with a +0 glaive!!
Aiming: Quicksilver Bolt
Press: ? - help, Shift-Dir - straight line, f/p - orc warrior
Aim: an orc warrior, wielding a +0 glaive and wearing a +0 plate armour (moderately wounded, berserk, 71% to hit)
The bolt of dispelling energy hits the orc warrior!
The orc warrior is heavily wounded.
The orc warrior hits you from afar with a +0 glaive!!
* * * LOW HITPOINT WARNING * * *
The orc warrior hits you from afar with a +0 glaive!!
You die...
Kikubaaqudgha rasps: "You have failed me!
Welcome... death!"

#.....############....#
#................#....########
#......#########.#............
#......#....[..#.......#......
#......#.##..#.#......##......
#....).#.##..#........#####...
#............#.o.o....# #...
#.....##.......#..##### #...
#.....#####..@##..# #######...
#........#........###.....+...
##+#####....#..#......#####...
#.......>...........#'#####...
#......(..####.##........##...
#..............##..........###
#.......~..######....#..##...#
#..........# #....#..##....
#..........# #.####..####..


You could see an orc warrior (berserk).

Vanquished Creatures
  Maurice (D:8)
  Prince Ribbit (D:8)
  2 steam dragons (D:8)
  4 water moccasins
  A sky beast (D:6)
  An ice beast (D:8)
  An ogre (D:6)
  5 centaurs
  2 bullfrogs
  A scorpion (D:6)
  12 wights (D:8)
  5 killer bees (D:7)
  2 howler monkeys
  A jelly (D:7)
  A gnoll bouda (D:8)
  3 hounds
  7 orc priests
  5 iguanas
  Ijyb (D:3)
  Jessica (D:2)
  5 orc wizards
  Robin (D:3)
  5 gnolls (D:8)
  4 adders
  2 white imps
  3 ufetubi
  3 worms
  23 orcs
  7 endoplasms
  2 giant cockroaches
  20 goblins
  14 hobgoblins
  9 jackals
  7 ball pythons
  4 bats
  A frilled lizard (D:1)
  4 kobolds
  2 rats
173 creatures vanquished.

Notes
Turn   | Place    | Note
-------+----------+-------------------------------------------
     0 | D:1      | browni3141 the Human Earth Elementalist began the quest for
                  | the Orb.
     0 | D:1      | Reached XP level 1. HP: 13/13 MP: 3/3
     6 | D:1      | Noticed a black mamba
     6 | D:1      | Noticed a wyvern
     7 | D:1      | Noticed a snapping turtle
     7 | D:1      | Noticed a swamp worm
   238 | D:1      | Reached skill level 1 in Fighting
   470 | D:1      | Reached XP level 2. HP: 21/21 MP: 1/5
  1051 | D:2      | Found a sparkling altar of Nemelex Xobeh.
  1053 | D:2      | Noticed Jessica
  1059 | D:2      | Killed Jessica
  1060 | D:2      | Reached skill level 4 in Earth Magic
  1060 | D:2      | Reached XP level 3. HP: 26/26 MP: 2/6
  1170 | D:2      | Reached XP level 4. HP: 32/32 MP: 3/7
  1436 | D:2      | Found a runed translucent door.
  1437 | D:2      | Noticed Crazy Yiuf
  1970 | D:3      | Reached skill level 5 in Earth Magic
  1978 | D:3      | Noticed Robin
  1990 | D:3      | Found a shadowy altar of Dithmenos.
  2065 | D:3      | Reached XP level 5. HP: 30/37 MP: 6/8
  2133 | D:3      | Killed Robin
  2687 | D:3      | Noticed Ijyb
  2701 | D:3      | Killed Ijyb
  3046 | D:4      | Found a blossoming altar of Fedhas.
  3303 | D:4      | Reached XP level 6. HP: 43/43 MP: 5/9
  3441 | D:4      | Reached skill level 1 in Evocations
  3724 | D:4      | Noticed Grinder
  3806 | D:5      | Entered Level 5 of the Dungeon
  3806 | D:5      | Found a sparkling altar of Nemelex Xobeh.
  4111 | D:5      | Reached XP level 7. HP: 50/50 MP: 6/10
  4124 | D:5      | Noticed a water moccasin
  4126 | D:5      | Found Tatzy's Assorted Antiques.
  4135 | D:5      | Killed a water moccasin
  4136 | D:5      | Reached skill level 6 in Earth Magic
  4139 | D:5      | Learned a level 2 spell: Passwall
  4143 | D:5      | Learned a level 3 spell: Stone Arrow
  4148 | D:5      | Learned a level 4 spell: Petrify
  4334 | D:5      | Noticed a +0 hand axe
  4334 | D:5      | Noticed a +0 dagger
  4335 | D:5      | Found a hide-covered altar of Uskayaw.
  4479 | D:5      | Reached skill level 1 in Conjurations
  4642 | D:5      | Noticed a water moccasin
  4646 | D:5      | Killed a water moccasin
  4647 | D:5      | Reached XP level 8. HP: 56/56 MP: 8/11
  4915 | D:5      | Bought a bubbling purple potion for 17 gold pieces
  4915 | D:5      | Bought a lumpy inky potion for 17 gold pieces
  4915 | D:5      | Bought a scroll labelled XACKID XUOLANA for 19 gold pieces
  4915 | D:5      | Bought a scroll of identify for 38 gold pieces
  4916 | D:5      | Bought a spiked leather armour for 133 gold pieces
  4916 | D:5      | Identified the +3 leather armour of Free Will {Fly rN+
                  | Str+3} (You bought it in a shop on level 5 of the Dungeon)
  4926 | D:5      | Bought a dazzling whip for 142 gold pieces
  4926 | D:5      | Identified the +8 whip "Bioga" {freeze, *Corrode Fly rF++}
                  | (You bought it in a shop on level 5 of the Dungeon)
  4927 | D:5      | Bought a large garnet ring for 95 gold pieces
  4948 | D:6      | Found Neeptiaresi's Weapon Shoppe.
  5022 | D:6      | Reached skill level 7 in Earth Magic
  5023 | D:6      | Reached skill level 1 in Maces & Flails
  5227 | D:6      | Reached skill level 8 in Earth Magic
  5564 | D:6      | Reached XP level 9. HP: 53/62 MP: 8/12
  5816 | D:6      | Found a glowing golden altar of the Shining One.
  5820 | D:6      | Found a hazy altar of Hepliaklqana.
  5832 | D:6      | Found a burning altar of Makhleb.
  5841 | D:6      | Found an ancient bone altar of Kikubaaqudgha.
  6292 | D:6      | Found a staircase to the Ecumenical Temple.
  6301 | Temple   | Entered the Ecumenical Temple
  6452 | D:6      | Became a worshipper of Kikubaaqudgha
  7362 | D:7      | Found a stormy altar of Qazlal.
  7806 | D:8      | Reached skill level 5 in Stealth
  7941 | D:8      | Reached XP level 10. HP: 63/71 MP: 9/15
  7944 | D:8      | Reached * piety under Kikubaaqudgha
  7944 | D:8      | Received a gift from Kikubaaqudgha
  8124 | D:8      | Noticed Prince Ribbit
  8137 | D:8      | Killed Prince Ribbit
  8138 | D:8      | Reached skill level 5 in Dodging
  8138 | D:8      | Reached skill level 5 in Transmutations
  8170 | D:8      | Noticed Maurice
  8190 | D:8      | Killed Maurice
  8579 | D:9      | Noticed a death yak
  8579 | D:9      | Noticed a death yak
  8637 | D:9      | Found a staircase to the Lair.
  8637 | D:9      | Noticed a death yak
  8637 | D:9      | Noticed a death yak
  8704 | D:9      | Noticed a death yak
  9066 | D:9      | Mangled by an orc warrior

Illustrated notes

Levels and vault maps discovered:
D:1:      onia_arrival_zoo_common, layout_basic, serial_forest,
          infiniplex_forest_lined_room_2, infiniplex_forest_clump_small,
          infiniplex_forest_clump_tiny, infiniplex_forest_end_2
D:2:      layout_basic, basic_altar, uniq_jessica, uniq_crazy_yiuf_cottage
D:3:      kennysheep_goblin_castle, layout_basic,
          nicolae_dithmenos_shadow_blocks, corexii_hall_statues_x, uniq_robin
D:4:      layout_gridville, old_standard_altar, uniq_grinder
D:5:      layout_loops_ring, dancing_weapons_uskayaw, amcnicky_altar_gilded,
          serial_shops, nicolae_inconvenience_store
D:6:      layout_layer_cave, nicolae_overflow_quartered_altars, temple_hall,
          serial_shops, nicolae_shop_bloodbath_and_beyond,
          minmay_misc_feat_five, hangedman_decor_points
D:7:      layout_gridville, lemuel_round_altar
D:8:      layout_basic, uniq_maurice, uniq_prince_ribbit1
D:9:      layout_basic, dpeg_lair_monsters, bh_walls_and_bars
Temple:   hellmonk_temple_beads

Skill      XL: |  1  2  3  4  5  6  7  8  9 10 |
---------------+-------------------------------+-----
Fighting       | 1 2 4 |  4.0
Earth Magic    | 4 5 6 8 |  8.8
Transmutations | 3 4 5 |  5.6
Evocations     | 2 |  2.0
Conjurations   | 2 |  2.0
Maces & Flails | 2 |  2.5
Stealth        | 5 6 |  6.0
Dodging        | 4 5 |  5.7
Spellcasting   | 3 |  3.9

Action                     |  1- 3 |  4- 6 |  7- 9 | 10-12 || total
---------------------------+-------+-------+-------+-------++-------
  Melee: Spear             |     3 |     7 |       |       ||    10
         Whip              |       |       |    24 |    29 ||    53
         Punch             |       |       |       |     1 ||     1
   Cast: Sandblast         |    29 |   108 |   108 |    31 ||   276
         Petrify           |       |       |       |     4 ||     4
         Stone Arrow       |       |       |       |     1 ||     1
  Evoke: Wand              |       |       |    12 |     5 ||    17
    Use: Scroll            |       |       |     7 |       ||     7
         Potion            |       |       |     1 |       ||     1
   Stab: Sleeping          |     2 |       |     1 |     1 ||     4
         Petrified         |       |       |       |    11 ||    11
 Armour: Robe              |     6 |    21 |     2 |       ||    29
         Leather armour    |       |       |    25 |    11 ||    36
  Dodge: Dodged            |     6 |    31 |    65 |    29 ||   131

Table legend: (Time is in decaauts)
 A = Elapsed time spent in this place.
 B = Non-inter-level travel time spent in this place.
 C = Inter-level travel time spent in this place.
 D = Time resting spent in this place.
 E = Time spent auto-exploring this place.
 F = Levels seen in this place.
 G = Mean time per level.
                   A        B        C        D        E       F      G
               +--------+--------+--------+--------+--------+-----+--------+
         Total |   9205 |   8921 |    284 |    494 |   7064 |  10 |  920.5 |
       Dungeon |   9092 |   8821 |    271 |    494 |   6975 |   9 | 1010.2 |
        Temple |    112 |     99 |     13 |      0 |     89 |   1 |  112.0 |
               +--------+--------+--------+--------+--------+-----+--------+

Top non-repeatable levels by time:
     D:6: 1425 daAuts
     D:8: 1165 daAuts
     D:2: 1136 daAuts
     D:5: 1061 daAuts
     D:7: 1056 daAuts
     D:3: 998 daAuts
     D:1: 928 daAuts
     D:4: 898 daAuts
     D:9: 423 daAuts
  Temple: 112 daAuts
